cohdb
Replays
Latest Replays
All Replays
Popular Replays
Top Player Replays
Match Explorer
How It Works
Community
CoH3 Stats
Reddit
Sign in to upload your games and track your stats! →
Sign in with Steam
Match 43045380
Unlisted
Match 43045380
Overview
Messages
Build Orders
End
Vickers Machine Gun Team
Construct Section Command Post
ML 3-inch Mortar Team
Infantry Section
Selects Heavy Armor Battlegroup
Infantry Section
Infantry Section
Construct Platoon Command Post
CMP 15cwt Truck
Selects Rigorous Vehicle Training
Selects Rigorous Vehicle Training
Selects Forward Repair Assembly
Humber Armored Car
Infantry Section
6-pounder Anti-tank Gun Team
JDG
HONGHA
Turtleboy
Miško
DeathMiz
Insurmountable Odds
ChuckleBerry
qazxsw
0
0
Comments
sign in to comment!
No comments posted yet!